 Dungeon Crawl Stone Soup version 0.32-a0-868-g153ae1a8d6 (webtiles) character file.

Game seed: 2229608113187489766

1620 wilfster70 the Digger (level 8, -3/51 HPs)
             Began as a Gargoyle Earth Elementalist on Mar 28, 2024.
             Was an Initiate of Vehumet.
             Slain by a hornet (12 damage)
             ... on level 6 of the Dungeon.
             The game lasted 00:14:52 (4883 turns).

wilfster70 the Digger (Gargoyle Earth Elementalist) Turns: 4883, Time: 00:14:53

Health: -3/51      AC: 11    Str: 22    XL:     8   Next: 96%
Magic:  1/15       EV: 11    Int: 17    God:    Vehumet [......]
Gold:   122        SH:  0    Dex: 10    Spells: 9/17 levels left

rFire   . . .        a - +1 dagger (venom)
rCold   . . .        (no shield)
rNeg    + . .        h - +0 robe
rPois   ∞            (no helmet)
rElec   +            p - +1 cloak
rCorr   .            o - +1 pair of gloves {Str+3}
SInv    .            (no boots)
Will    .....        (no amulet)
Stlth   ++           n - +6 ring of strength
HPRegen 0.28/turn    q - ring of flight
MPRegen 0.14/turn

%: no passive effects
@: flying
A: sickness immunity, AC +5, negative energy resistance 1, electricity
resistance, torment resistance 1, petrification resistance
a: Renounce Religion


You were on level 6 of the Dungeon.
You worshipped Vehumet.
Vehumet was noncommittal.
You visited 2 branches of the dungeon, and saw 7 of its levels.

You collected 287 gold pieces.
You spent 165 gold pieces at shops.

Inventory:

Hand Weapons
 a - a +1 dagger of venom (weapon)
Missiles
 d - 8 poisoned darts
 w - 2 throwing nets
Armour
 h - a +0 robe (worn)
 o - a +1 pair of gloves of strength (worn)
 p - a +1 cloak (worn)
Jewellery
 n - a +6 ring of strength (left hand)
 q - a ring of flight (right hand)
Wands
 t - a wand of paralysis (7)
Scrolls
 c - a scroll of poison {unknown}
 f - a scroll of blinking {unknown}
 i - 2 scrolls of amnesia {unknown}
 j - a scroll of noise {unknown}
 l - 5 scrolls of immolation {unknown}
 m - 2 scrolls of identify {unknown}
 v - 2 scrolls of vulnerability {unknown}
Potions
 b - a potion of magic
 e - a potion of resistance {unknown}
 g - a potion of attraction {unknown}
 k - 2 potions of heal wounds
 r - a potion of might {unknown}
 s - 2 potions of curing {unknown}
 u - a potion of haste {unknown}
 x - a potion of mutation {unknown}


   Skills:
 - Level 6.0 Fighting
 - Level 1.5 Dodging
 - Level 2.1 Stealth
 + Level 5.2 Spellcasting
 - Level 6.0 Conjurations
 - Level 6.0 Earth Magic
 + Level 2.8 Alchemy


You had 9 spell levels left.
You knew the following spells:

 Your Spells              Type           Power      Damage    Failure   Level
a - Sandblast             Erth           48%        2d12      1%          1
b - Stone Arrow           Conj/Erth      48%        3d10      3%          3
c - Olgreb's Toxic Radia  Alch           14%        N/A       41%         4

Your spell library contained the following spells:

 Spells                   Type           Power      Damage    Failure   Level
 Sting                    Conj/Alch      76%        1d7       2%          1
 Passwall                 Erth           24%        N/A       3%          3
 Mercury Vapours          Alch/Air       18%        N/A       12%         2
 Brom's Barrelling Bould  Conj/Erth      24%        2d5       12%         4
 Petrify                  Alch/Erth      19%        N/A       22%         4


Dungeon Overview and Level Annotations

Branches:
Dungeon (6/15)             Temple (1/1) D:5

Altars:
Cheibriados
Dithmenos
Elyvilon
Fedhas
Hepliaklqana
Kikubaaqudgha
Makhleb
Nemelex Xobeh
Okawaru
Qazlal
Trog
Vehumet
Wu Jian
Xom

Shops:
D:3 ?   D:4 [   D:6 *


Innate Abilities, Weirdness & Mutations

You are immune to sickness and miasma.
Your stone body is resilient. (AC +5)
You are immune to poison.
You resist negative energy. (rN+)
You are resistant to electric shocks. (rElec)
You are resistant to unholy torment.
You are immune to petrification.


Message History

The stone arrow hits the hornet!
The hornet is severely wounded.
The hornet completely misses you. The hornet misses you.
Casting: Stone Arrow (dangerous; 3% risk of failure)
Confirm with . or Enter, or press ? or * to list all spells.
Aiming: Stone Arrow (dangerous; 3% risk of failure)
Press: ? - help, Shift-Dir - straight line, f/p - hornet
Aim: a hornet (severely wounded, 57% to hit)
The stone arrow misses the hornet.
The hornet stings you but does no damage.
Casting: Stone Arrow (dangerous; 3% risk of failure)
Confirm with . or Enter, or press ? or * to list all spells.
You don't have enough magic to cast this spell.
Casting: Stone Arrow (dangerous; 3% risk of failure)
Confirm with . or Enter, or press ? or * to list all spells.
Aiming: Sandblast (safe; 1% risk of failure)
Press: ? - help, Shift-Dir - straight line, f/p - hornet
Aim: a hornet (severely wounded, 74% to hit)
The blast of sand hits the hornet.
The hornet is severely wounded.
The hornet stings you but does no damage.
The hornet stings you. The hornet closely misses you.
You hit the hornet but do no damage.
The hornet is severely wounded.
The hornet stings you but does no damage.
You closely miss the hornet.
The hornet is severely wounded.
The hornet stings you but does no damage.
The hornet stings you!
* * * LOW HITPOINT WARNING * * *
You feel much better. The hornet closely misses you.
You barely miss the hornet.
The hornet is severely wounded.
The hornet closely misses you. The hornet stings you.
You closely miss the hornet.
The hornet is severely wounded.
The hornet stings you!
* * * LOW HITPOINT WARNING * * *
The hornet stings you!
You die...

..#...#................
#.#...#................
#.#.....#..............
#.....###.#............
##....###.##...........
#..###.###...###.....##...
#......##.### ###...##...
######..#.#### #.#####.#
#..y@....# #.. #..
#........#...# ##.
#........#.## .
#####......# ..##### ###


You could see a hornet.

Vanquished Creatures
  2 ice beasts
  2 black bears (D:5)
  3 ogres
  A centaur (D:5)
  A phantom (D:5)
  A bullfrog (D:4)
  4 scorpions
  A bombardier beetle (D:3)
  Crazy Yiuf (D:4)
  A gnoll bouda (D:5)
  A jelly (D:6)
  2 hounds
  An orc priest (D:4)
  Jessica (D:2)
  An iguana (D:4)
  An orc wizard (D:4)
  9 gnolls
  7 adders
  A shadow imp (D:5)
  A white imp (D:6)
  2 ufetubi (D:5)
  2 ribbon worms
  A dart slug (D:4)
  11 orcs
  7 ball pythons
  2 bats
  5 endoplasms
  3 giant cockroaches
  11 goblins
  7 hobgoblins
  7 kobolds
  4 quokkas
  6 frilled lizards
  4 rats
114 creatures vanquished.

Notes
Turn   | Place    | Note
-------+----------+-------------------------------------------
     0 | D:1      | wilfster70 the Gargoyle Earth Elementalist began the quest
                  | for the Orb.
     0 | D:1      | Reached XP level 1. HP: 10/10 MP: 3/3
   126 | D:1      | Reached XP level 2. HP: 12/15 MP: 0/5
   762 | D:2      | Reached XP level 3. HP: 13/19 MP: 2/6
   812 | D:2      | Learned a level 3 spell: Stone Arrow
   949 | D:2      | Found a faded altar of an unknown god.
   972 | D:2      | Noticed Jessica
  1020 | D:2      | Killed Jessica
  1021 | D:2      | Reached skill level 5 in Earth Magic
  1021 | D:2      | Reached XP level 4. HP: 20/24 MP: 3/8
  1494 | D:3      | Reached XP level 5. HP: 28/28 MP: 5/10
  2006 | D:3      | Found Cifiro's Magic Scroll Shop.
  2206 | D:4      | Found a stormy altar of Qazlal.
  2208 | D:4      | Noticed an air elemental
  2209 | D:4      | Noticed a fire elemental
  2209 | D:4      | Noticed a water elemental
  2261 | D:4      | Found Xorchupsi's Armour Boutique.
  2269 | D:4      | Bought a +1 pair of gloves of strength for 165 gold pieces
  2356 | D:4      | Found a runed translucent door.
  2357 | D:4      | Noticed Crazy Yiuf
  2364 | D:4      | Killed Crazy Yiuf
  2365 | D:4      | Reached skill level 1 in Fighting
  2560 | D:4      | Reached XP level 6. HP: 34/35 MP: 5/12
  2829 | D:4      | Reached XP level 7. HP: 44/44 MP: 7/13
  3275 | D:4      | Reached skill level 5 in Fighting
  3473 | D:5      | Entered Level 5 of the Dungeon
  3476 | D:5      | Found an ancient bone altar of Kikubaaqudgha.
  3788 | D:5      | Reached XP level 8. HP: 34/51 MP: 9/14
  3792 | D:5      | Reached skill level 5 in Conjurations
  3877 | D:5      | Found a shadowy altar of Dithmenos.
  3948 | D:5      | Found a bloodstained altar of Trog.
  4105 | D:5      | Found a staircase to the Ecumenical Temple.
  4114 | Temple   | Entered the Ecumenical Temple
  4127 | Temple   | Became a worshipper of Vehumet
  4226 | D:5      | Learned a level 4 spell: Olgreb's Toxic Radiance
  4503 | D:6      | Reached skill level 1 in Alchemy
  4520 | D:6      | Found Kyreujok's Blasphemy Boutique.
  4752 | D:6      | Reached skill level 5 in Spellcasting
  4864 | D:6      | Noticed a hornet
  4883 | D:6      | Slain by a hornet

Illustrated notes

Levels and vault maps discovered:
D:1:      amcnicky_arrival_choice, layout_basic, minmay_misc_feat_cross
D:2:      layout_basic, shapermc_ecumenical_altar_acropolis, uniq_jessica
D:3:      layout_loops_corners, serial_shops, shop
D:4:      cheibrodos_barr_body, layout_cave_pods,
          nicolae_qazlal_style_of_elements, serial_shops, shop,
          uniq_crazy_yiuf_cottage
D:5:      layout_rooms, trog_hazing_becter,
          nicolae_dithmenos_through_a_glass_darkly,
          mainiacjoe_overflow_alcove_4, minmay_temple_entry_tees,
          grunt_ministairs_12, kennysheep_flooded_box,
          chequers_serial_rivers_large_a, nrook_pool_corridor
D:6:      layout_rooms, hangedman_decor_peaks_small, corexii_leaking_fountain,
          chequers_serial_rivers_micro_c, nicolae_evil_shop
Temple:   nicolae_temple_ecumenical_triangle

Skill      XL: |  1  2  3  4  5  6  7  8 |
---------------+-------------------------+-----
Earth Magic    | 4 5 6 |  6.0
Spellcasting   | 3 4 5 |  5.2
Fighting       | 2 4 6 |  6.0
Conjurations   | 4 6 |  6.0
Alchemy        | 2 |  2.8
Dodging        | |  1.5
Stealth        | |  2.1

Action                     |  1- 3 |  4- 6 |  7- 9 || total
---------------------------+-------+-------+-------++-------
  Melee: Dagger            |     7 |     9 |     4 ||    20
   Cast: Sandblast         |    36 |    62 |   115 ||   213
         Stone Arrow       |       |     1 |     5 ||     6
    Use: Potion            |       |       |     2 ||     2
   Stab: Sleeping          |     1 |       |       ||     1
 Armour: Robe              |    22 |    37 |   131 ||   190
  Dodge: Dodged            |    19 |    24 |   114 ||   157

Table legend: (Time is in decaauts)
 A = Elapsed time spent in this place.
 B = Non-inter-level travel time spent in this place.
 C = Inter-level travel time spent in this place.
 D = Time resting spent in this place.
 E = Time spent auto-exploring this place.
 F = Levels seen in this place.
 G = Mean time per level.
                   A        B        C        D        E       F      G
               +--------+--------+--------+--------+--------+-----+--------+
         Total |   5009 |   4845 |    164 |   1109 |   1409 |   7 |  715.6 |
       Dungeon |   4982 |   4831 |    151 |   1109 |   1409 |   6 |  830.3 |
        Temple |     26 |     13 |     13 |      0 |      0 |   1 |   26.0 |
               +--------+--------+--------+--------+--------+-----+--------+

Top non-repeatable levels by time:
     D:4: 1425 daAuts
     D:5: 1014 daAuts
     D:3: 905 daAuts
     D:1: 708 daAuts
     D:2: 633 daAuts
     D:6: 296 daAuts
  Temple: 26 daAuts
